 Dungeon Crawl Stone Soup version 0.24-a0-493-g7e4ddcd485 (webtiles) character file.

Game seed: 16985126410505237382

9373 Sarzael the Unseen (level 11, -13/47 HPs)
             Began as a Vampire Enchanter on July 12, 2019.
             Was a Priest of Hepliaklqana.
             Hit by a large rock thrown by a cyclops (22 damage)
             ... on level 11 of the Dungeon.
             The game lasted 00:40:43 (9966 turns).

Sarzael the Unseen (Vampire Enchanter)              Turns: 9966, Time: 00:40:43

Health: -13/47     AC:  9    Str:  9    XL:     11   Next: 22%
Magic:  14/14      EV: 18    Int: 23    God:    Hepliaklqana [***...]
Gold:   543        SH:  0    Dex: 15    Spells: 3/14 levels left

rFire    . . .     SeeInvis +   e - +4 dagger (drain)
rCold    + + .     Gourm    .   (no shield)
rNeg     + + +     Faith    .   f - +2 robe {MR+}
rPois    ∞         Spirit   .   (no helmet)
rElec    .         Reflect  .   A - +0 cloak
rCorr    .         Harm     .   c - +2 pair of gloves
MR       ++...                  m - +0 pair of boots (curse)
Stlth    ++++++++..             (no amulet)
HPRegen  0.00/turn              x - +2 ring of intelligence
MPRegen  0.14/turn              o - ring of wizardry

@: bloodless, regenerating quickly
A: no food, reduced essence, fangs 3, see invisible, poison resistance, strong
1, unbreathing, evolution 1
a: Bat Form, Revivify, Recall Ancestor, Ancestor Identity, Transference,
Renounce Religion


You were on level 11 of the Dungeon.
You worshipped Hepliaklqana.
Hepliaklqana was most pleased with you.
You were bloodless.

You visited 2 branches of the dungeon, and saw 12 of its levels.

You collected 543 gold pieces.

Inventory:

Hand Weapons
 e - a +4 dagger of draining (weapon)
 h - the +2 rapier of the Inquisitive Tales {speed, rPois rN+ MR- Dex+3}
   (You acquired it on level 9 of the Dungeon)

   Attacks with this weapon are significantly faster.
   It affects your dexterity (+3).
   It protects you from poison.
   It protects you from negative energy.
   It affects your resistance to hostile enchantments.
 y - the +12 mace of Conflict {protect, Dex+2 SInv}
   (You found it on level 9 of the Dungeon)

   It grants its wielder temporary protection when it strikes (+7 to AC).
   It affects your dexterity (+2).
   It lets you see invisible.
Armour
 b - a scarf of spirit shield
 c - a +2 pair of gloves (worn)
 f - a +2 robe of magic resistance (worn)
 m - a cursed +0 pair of boots (worn)
 w - a +0 pair of boots
 A - a +0 cloak (worn)
Jewellery
 o - a ring of wizardry (right hand)
 p - an uncursed ring of resist corrosion
 s - a +3 ring of evasion
 u - an uncursed ring of fire
 x - a +2 ring of intelligence (left hand)
Wands
 g - a wand of polymorph (7)
 j - a wand of clouds (1)
 q - a wand of iceblast (29)
 z - a wand of digging (4)
Scrolls
 a - a scroll of magic mapping
 k - 6 scrolls of teleportation
 r - 3 scrolls of immolation
 t - 3 scrolls of remove curse
 v - a scroll of fear
 B - 2 scrolls of enchant armour
Potions
 d - 2 potions of flight
 i - 4 potions of haste
 l - 5 potions of curing
 n - 3 potions of brilliance


   Skills:
 - Level 10.0 Short Blades
 + Level 8.5 Dodging
 * Level 16.0 Stealth
 - Level 2.0 Spellcasting
 + Level 11.4 Hexes


You had 3 spell levels left.
You knew the following spells:

 Your Spells              Type           Power        Failure   Level  Hunger
a - Tukima's Dance        Hex            ######..     1%          3    N/A
b - Ensorcelled Hibernat  Hex/Ice        ####..       1%          2    N/A
c - Confuse               Hex            ######..     1%          3    N/A
d - Dazzling Spray        Conj/Hex       ####..       1%          3    N/A

Your spell library contained the following spells:

 Spells                   Type           Power        Failure   Level  Hunger
 Corona                   Hex            ######.      1%          1    N/A

Dungeon Overview and Level Annotations

Branches:
Dungeon (11/15)            Temple (1/1) D:6            Lair (0/6) D:8
    Orc: D:9-12

Altars:
Ashenzari
Cheibriados
Dithmenos
Elyvilon
Fedhas
Gozag
Hepliaklqana
Kikubaaqudgha
Makhleb
Nemelex Xobeh
Okawaru
Qazlal
Ru
Sif Muna
Trog
Uskayaw
Vehumet
Wu Jian
Xom
Yredelemnul
Zin
The Shining One


Innate Abilities, Weirdness & Mutations

You do not eat.
You do not regenerate when monsters are visible.
You are frail without blood (-20% HP).
You are immune to poison.
You have razor-sharp teeth.
You have supernaturally acute eyesight. (SInv)
You can survive without breathing.
Your life essence is reduced to manifest your ancestor. (-10% HP)
Your system is resistant to poisons. (rPois)
Your muscles are strong. (Str +2)
You evolve.


Message History

You swap places.
Mello hits the seven-headed hydra with a +0 dagger of draining.
The seven-headed hydra closely misses Mello.
The seven-headed hydra bites Mello.
The seven-headed hydra closely misses Mello.
The seven-headed hydra bites Mello!
The seven-headed hydra barely misses Mello. x2
The seven-headed hydra bites Mello.
The cyclops throws a large rock.
The large rock misses you.
You feel better.
Mello hits the seven-headed hydra with a +0 dagger of draining.
Mello drains the seven-headed hydra.
The seven-headed hydra bites Mello!
The seven-headed hydra closely misses Mello.
The seven-headed hydra misses Mello.
The seven-headed hydra bites Mello.
The seven-headed hydra barely misses Mello.
The seven-headed hydra bites Mello!
Mello is destroyed!
Okay, then.
The cyclops throws a large rock.
The large rock hits you!!
You die...

##########'##
#.# ########.#
#........#
####.########
#.........#
####.....(...#
#..........(.#
..##...@...(.#
# #.........#
#...D.....#
#C........#
#######.### .#
##


You could see a seven-headed hydra and a cyclops.

Vanquished Creatures
  Harold (D:9)
  2 ugly things (D:11)
  A cyclops (D:11)
  Maurice (D:10)
  Joseph (D:9)
  2 centaur skeletons
  A gargoyle (D:10)
  A hornet (D:8)
  A troll (D:9)
  A hippogriff (D:7)
  A vampire (D:10)
  3 yaks (D:11)
  A wyvern (D:9)
  A water moccasin (D:9)
  2 porcupines (D:8)
  3 orc warriors
  An ice beast (D:5)
  A sky beast (D:7)
  3 black bears
  2 necrophages
  A phantom (D:4)
  7 ogres
  3 centaurs
  4 bullfrogs
  A gnoll sergeant (D:6)
  A water moccasin zombie (D:5)
  6 scorpions
  6 killer bees
  3 howler monkeys (D:8)
  4 crimson imps
  3 jellies
  A bullfrog skeleton (D:11)
  6 hounds
  A bullfrog zombie (D:7)
  6 orc priests
  7 orc wizards
  9 worker ants
  Natasha (thrice) (D:4)
  A hound skeleton (D:8)
  10 adders
  13 gnolls
  2 shadow imps
  An ooze (D:6)
  2 adder skeletons
  A worm (D:2)
  A dart slug (D:1)
  2 leopard geckos
  27 orcs
  9 giant cockroaches
  9 goblins
  14 hobgoblins
  16 jackals
  8 kobolds
  12 quokkas
  13 bats
  9 frilled lizards
  A giant cockroach zombie (D:5)
  5 rats
258 creatures vanquished.

Vanquished Creatures (collateral kills)
  An ogre (D:9)
  A big kobold (D:7)
  2 orc wizards (D:7)
  An iguana (D:7)
  A worker ant (D:8)
  A worker ant zombie (D:6)
  2 gnolls
  An adder (D:8)
  A shadow imp (D:7)
  An adder zombie (D:6)
  2 orcs
  A jackal (D:9)
  A kobold (D:7)
16 creatures vanquished.

Vanquished Creatures (others)
  A hexer (D:11)
  3 ancestors
  2 plants (D:8)
6 creatures vanquished.

Grand Total: 280 creatures vanquished

Notes
Turn   | Place    | Note
-------+----------+-------------------------------------------
     0 | D:1      | Sarzael the Vampire Enchanter began the quest for the Orb.
     0 | D:1      | Reached XP level 1. HP: 13/13 MP: 3/3
   191 | D:1      | Reached XP level 2. HP: 18/19 MP: 5/5
   198 | D:1      | Learned a level 2 spell: Ensorcelled Hibernation
   320 | D:1      | Reached skill level 5 in Stealth
   373 | D:1      | Gained mutation: You evolve. [potion of mutation]
   373 | D:1      | Gained mutation: Your system is resistant to poisons.
                  | (rPois) [potion of mutation]
   699 | D:1      | Reached XP level 3. HP: 24/24 MP: 6/6
  1031 | D:2      | Reached skill level 5 in Hexes
  1194 | D:2      | Reached XP level 4. HP: 24/24 MP: 7/7
  1303 | D:2      | Reached skill level 6 in Stealth
  1414 | D:2      | Learned a level 3 spell: Confuse
  1432 | D:2      | Found a shimmering altar of Xom.
  1651 | D:3      | Reached XP level 5. HP: 27/28 MP: 8/8
  1916 | D:3      | Reached skill level 7 in Stealth
  2139 | D:4      | Reached XP level 6. HP: 32/32 MP: 2/9
  2320 | D:4      | Noticed Natasha
  2327 | D:4      | Killed Natasha
  2521 | D:4      | Reached skill level 8 in Stealth
  2525 | D:4      | Gained mutation: Your body sometimes deteriorates upon
                  | taking damage. [evolution]
  2613 | D:4      | Noticed Natasha
  2631 | D:4      | Killed Natasha
  2631 | D:4      | Reached XP level 7. HP: 36/36 MP: 5/10
  2935 | D:4      | Reached skill level 5 in Short Blades
  2941 | D:4      | Learned a level 3 spell: Tukima's Dance
  2971 | D:4      | Noticed Natasha
  2976 | D:4      | Killed Natasha
  3259 | D:5      | Entered Level 5 of the Dungeon
  3290 | D:5      | Reached skill level 9 in Stealth
  3437 | D:4      | Gained mutation: Your muscles are strong. (Str +2)
                  | [evolution]
  3534 | D:5      | Reached XP level 8. HP: 32/41 MP: 7/11
  3676 | D:5      | Reached skill level 10 in Stealth
  4086 | D:5      | Found a glowing golden altar of the Shining One.
  4090 | D:5      | Found a hazy altar of Hepliaklqana.
  4102 | D:5      | Became a worshipper of Hepliaklqana the Forgotten
  4107 | D:5      | Found an ancient bone altar of Kikubaaqudgha.
  4239 | D:6      | Reached skill level 5 in Dodging
  4653 | D:6      | Learned a level 3 spell: Dazzling Spray
  4667 | D:6      | Reached * piety under Hepliaklqana
  4692 | D:6      | Reached skill level 11 in Stealth
  4815 | D:6      | Found a staircase to the Ecumenical Temple.
  4853 | Temple   | Entered the Ecumenical Temple
  5122 | D:6      | Found a sparkling altar of Nemelex Xobeh.
  5262 | D:6      | Reached XP level 9. HP: 24/39 MP: 1/12
  6344 | D:7      | Reached skill level 12 in Stealth
  7473 | D:8      | Reached skill level 13 in Stealth
  7593 | D:8      | Reached XP level 10. HP: 44/44 MP: 13/13
  7655 | D:8      | Found a bloodstained altar of Trog.
  7656 | D:8      | Found an iron altar of Okawaru.
  7790 | D:8      | Found a staircase to the Lair.
  7917 | D:8      | Found a burning altar of Makhleb.
  8155 | D:8      | Reached ** piety under Hepliaklqana
  8156 | D:8      | Remembered your ancestor Mello as a hexer
  8232 | D:9      | Noticed Harold
  8253 | D:9      | Killed Harold
  8253 | D:9      | Reached skill level 14 in Stealth
  8253 | D:9      | Reached skill level 10 in Hexes
  8336 | D:9      | Reached skill level 10 in Short Blades
  8503 | D:9      | Lost mutation: Your body sometimes deteriorates upon taking
                  | damage. [evolution]
  8590 | D:9      | Identified a scroll of acquirement
  8591 | D:9      | Got a bloodstained rapier
  8592 | D:9      | Identified the +2 rapier of the Inquisitive Tales {speed,
                  | rPois rN+ MR- Dex+3} (You acquired it on level 9 of the
                  | Dungeon)
  8703 | D:9      | Found a shadowy altar of Dithmenos.
  8736 | D:9      | Noticed Joseph
  8750 | D:9      | Killed Joseph
  8843 | D:9      | Got an iridescent mace
  9030 | D:10     | Entered Level 10 of the Dungeon
  9127 | D:10     | Noticed a gargoyle
  9136 | D:10     | Killed a gargoyle
  9136 | D:10     | Reached skill level 15 in Stealth
  9143 | D:10     | Noticed Maurice
  9150 | D:10     | Killed Maurice
  9362 | D:10     | Identified the +12 mace of Conflict {protect, Dex+2 SInv}
                  | (You found it on level 9 of the Dungeon)
  9408 | D:10     | Reached *** piety under Hepliaklqana
  9815 | D:11     | Noticed a green ugly thing
  9821 | D:11     | Killed a green ugly thing
  9821 | D:11     | Reached XP level 11. HP: 47/47 MP: 14/14
  9894 | D:11     | Noticed a red ugly thing
  9896 | D:11     | Killed a red ugly thing
  9917 | D:11     | Reached skill level 16 in Stealth
  9957 | D:11     | Noticed a seven-headed hydra
  9966 | D:11     | Hit by a large rock thrown by a cyclops

Levels and vault maps discovered:
D:1:      onia_arrival_larder, layout_basic
D:2:      wad_woods_tower, layout_basic, tgw_xom
D:3:      corexii_shack_village, layout_rooms, first_ration
D:4:      layout_basic, uniq_natasha
D:5:      layout_rooms, minmay_overflow_temple_star_quad
D:6:      layout_basic, minmay_temple_entry_wispy, nemelex_spade_bored_becter
D:7:      layout_rooms, serial_curves, eino_curves_02, eino_curves_04
D:8:      layout_basic, makhleb_blood_cavern_becter,
          grunt_temple_overflow_bloody_war, grunt_lair_entry_orc_guard_hut,
          serial_corexii_hall, chequers_hall_statues_y, corexii_hall_statues_i
D:9:      layout_cross, grunt_dithmenos_smoke_and_mirrors, uniq_harold,
          uniq_joseph
D:10:     layout_cave_pods, uniq_maurice
D:11:     layout_roguey, serial_shops, kennysheep_mini_moat
Temple:   regret_index_temple_waves

Skill      XL: |  1  2  3  4  5  6  7  8  9 10 11 |
---------------+----------------------------------+-----
Stealth        | 5 6 7 8 9 11 13 15 16 | 16.0
Short Blades   | 2 3 4 5 7 9 10 | 10.0
Hexes          | 5 6 7 8 9 11 | 11.4
Dodging        | 3 4 5 6 8 |  8.5
Spellcasting   | |  2.0

Action                   |  1- 3 |  4- 6 |  7- 9 | 10-12 || total
-------------------------+-------+-------+-------+-------++-------
Melee: Dagger            |   111 |   101 |   196 |   134 ||   542
       Bite              |     5 |     2 |    16 |    12 ||    35
 Cast: Corona            |     1 |       |       |       ||     1
       Ensorcelled Hiber |    17 |    26 |    93 |    26 ||   162
       Confuse           |       |     2 |     6 |    11 ||    19
       Dazzling Spray    |       |       |     2 |       ||     2
Invok: Ancestor Identity |       |       |     1 |       ||     1
       Recall Ancestor   |       |       |     1 |       ||     1
       Ancestor Life: He |       |       |       |     1 ||     1
 Abil: Exsanguinate      |     1 |       |       |       ||     1
       End Transformatio |       |       |     2 |       ||     2
       Bat Form          |       |       |     2 |       ||     2
  Use: Potion            |     5 |     1 |     9 |     2 ||    17
       Scroll            |     4 |     3 |    12 |     8 ||    27
 Stab: Sleeping          |    22 |    38 |    67 |    30 ||   157
       Confused          |       |     2 |     2 |    10 ||    14
       Invisible         |       |       |     1 |       ||     1
       Distracted        |       |       |     1 |       ||     1
Armor: Robe              |    21 |    17 |    24 |    21 ||    83
Dodge: Dodged            |    74 |    58 |   148 |    82 ||   362

Table legend:
 A = Non-vault XP
 B = Vault XP
 C = Vault XP percentage of total XP
 D = Non-vault monster count
 E = Vault monster count
 F = Vault count percentage of total count
                 A         B        C        D         E       F
            +---------+---------+-------+---------+---------+-------
      Total |   10360 |    3031 |  22.6 |     235 |      39 |  14.2
            +---------+---------+-------+---------+---------+-------
        D:1 |      34 |      11 |  24.4 |      23 |       7 |  23.3
        D:2 |      68 |      80 |  54.1 |      21 |       9 |  30.0
        D:3 |     141 |      23 |  14.0 |      22 |      11 |  33.3
        D:4 |     596 |      35 |   5.5 |      20 |       1 |   4.8
        D:5 |    1009 |       0 |   0.0 |      21 |       0 |   0.0
        D:6 |     948 |       0 |   0.0 |      32 |       0 |   0.0
        D:7 |    1847 |       0 |   0.0 |      36 |       0 |   0.0
        D:8 |     777 |     947 |  54.9 |      15 |       8 |  34.8
        D:9 |    1235 |    1463 |  54.2 |      21 |       2 |   8.7
       D:10 |    1116 |     472 |  29.7 |      10 |       1 |   9.1
       D:11 |    2589 |       0 |   0.0 |      14 |       0 |   0.0
            +---------+---------+-------+---------+---------+-------
